Map: Dusk Towers

Players

LindyHop

  • Race: Zerg Zerg
  • League: Silver

Mugwai - Winner!

  • Race: Protoss Protoss
  • League: Gold

VOD

Have the link to the VOD?

Description

Time

  • Played on: Dec. 5, 2015, 2:05 p.m.
  • Length: 7:00
Show
View Real Time Build Order
Export as new Build Order

LindyHop Zerg 

Build Orders: Hatch First 

Get SALT Encoding   

  12  0:01  Drone  
  13  0:09  Drone  
  14  0:35  Hatchery  
  13  0:40  Drone  
  14  1:02  Spawning Pool  
  14  1:03  Overlord  
  13  1:07  Drone  
  14  1:27  Drone x2, Extractor  
  15  1:52  Drone x4  
  19  1:58  Zergling x2  
  19  2:00  Queen  
  22  2:06  Zergling x2  
  23  2:16  Queen  
  25  2:23  Overlord  
  25  2:34  Metabolic Boost  
  25  2:51  Hatchery  
  24  2:56  Drone  
  24  2:57  Drone  
  26  3:02  Drone  
  26  3:03  Drone  
  28  3:10  Zergling x2  
  29  3:17  Drone x2  
  30  3:28  Drone  
  30  3:29  Drone x4  
  35  3:39  Lair  
  35  3:55  Burrow  
  35  3:59  Overlord x2  
  35  4:00  Extractor  
  34  4:02  Queen  
  34  4:08  Drone x2  
  34  4:09  Drone x2  
  40  4:26  Drone x2  
  40  4:27  Drone x5, Extractor  
  40  4:28  Extractor  
  45  4:41  Hydralisk Den  
  44  4:57  Spine Crawler  
  43  5:03  Spore Crawler  
  41  5:13  Zergling x6  
  41  5:14  Zergling x10  
  47  5:16  Hydralisk x4  
  57  5:26  Evolution Chamber, Muscular Augments  
  56  5:36  Drone  
  56  5:38  Overlord  
  57  5:56  Overlord x2  
  57  6:03  Hydralisk x4  
  59  6:06  Zergling x2  
  49  6:15  Hydralisk  
  49  6:16  Hydralisk  
  51  6:20  Hydralisk  
  51  6:24  Zergling x2  
  50  6:35  Hydralisk  
  50  6:36  Hydralisk x2  
Show
View Real Time Build Order
Export as new Build Order

Mugwai Protoss - Winner!

Build Orders:  

Get SALT Encoding   

  12  0:01  Probe (Chrono Boost)  
  13  0:12  Probe (Chrono Boost)  
  14  0:19  Pylon  
  14  0:22  Probe (Chrono Boost)  
  15  0:37  Probe (Chrono Boost)  
  15  0:42  Forge  
  16  0:47  Probe (Chrono Boost)  
  17  0:57  Gateway  
  17  1:03  Pylon  
  17  1:08  Probe (Chrono Boost)  
  18  1:19  Probe (Chrono Boost)  
  19  1:27  Pylon  
  19  1:29  Probe (Chrono Boost)  
  20  1:48  Assimilator  
  19  1:56  Nexus, Assimilator  
  19  2:03  Cybernetics Core  
  19  2:10  Photon Cannon  
  19  2:14  Zealot  
  21  2:29  Probe (Chrono Boost)  
  22  2:34  Warp Gate (Chrono Boost)  
  22  2:40  Probe (Chrono Boost)  
  23  3:02  Pylon  
  23  3:08  Probe  
  24  3:15  Probe  
  24  3:16  Gateway  
  24  3:17  Pylon  
  25  3:20  Mothership Core  
  25  3:25  Protoss Ground Weapons Level 1 (Chrono Boost)  
  25  3:26  Probe  
  28  3:38  Gateway  
  28  3:46  Gateway  
  28  3:56  Gateway  
  28  4:05  Gateway  
  28  4:07  Probe  
  29  4:10  Probe  
  30  4:28  Pylon  
  30  4:32  Probe (Chrono Boost)  
  30  4:34  Probe (Chrono Boost)  
  32  4:40  Pylon  
  32  4:46  Zealot  
  32  4:47  Zealot x2  
  32  4:51  Zealot  
  40  5:10  Stalker x3  
  46  5:17  Stalker  
  47  5:33  Zealot  
  47  5:34  Zealot x2  
  53  5:36  Probe (Chrono Boost)  
  53  5:37  Probe (Chrono Boost)  
  55  5:47  Probe (Chrono Boost)  
  57  5:50  Probe (Chrono Boost)  
  47  6:21  Stalker x2  
  47  6:22  Stalker x4  
Tags
 
Add a new tag
Caveats
  • Supply blocks, unpowered buildings, or Contaminate may cause inaccurate times.
  • Supply counts are checked every 10 seconds.